General information
- name: GRUDGE
- type: Custom game
- host: dogsandhorse.ru
- saver: dogsandhorse.ru
map: PlunderIsle
- players: 2
- length: 05:05
- speed: Fast
- version: 1.26 W3XP
- replay type:

» download(19 KB)
Players
team 1 (winner)
dogsandhorse.ru (
red | 117 APM | 594 actions | 05:05)
1 Archmage
1 Summon Water Elemental
» actions
| Assign group hotkey | 11 | |
| Basic commands | 1 | |
| Build / train | 28 | |
| Enter build submenu | 13 | |
| Enter hero's abilities submenu | 1 | |
| Right click | 370 | |
| Select / deselect | 100 | |
| Select group hotkey | 41 | |
| Use ability | 29 | |
594 total
» units
» buildings
| Altar of Kings | 1 | |
| Farm | 3 | |
| Barracks | 1 | |
| Lumber Mill | 1 | |
| Scout Tower | 7 | |
| Guard Tower | 4 | |
17 total
» build order
00:30 Altar of Kings
00:33 Farm
00:52 Barracks
01:06 Farm
01:31 Lumber Mill
02:04 Farm
02:16 Scout Tower
02:17 Scout Tower
02:22 Scout Tower
02:48 Scout Tower
03:22 Scout Tower
03:23 Scout Tower
03:24 Scout Tower
03:51 Guard Tower
03:52 Guard Tower
03:53 Guard Tower
03:55 Guard Tower
team 2 (loser)
LaptopRoadtrip (
blue | 116 APM | 590 actions | 05:04)
1 Blademaster
1 Wind Walk
» actions
| Assign group hotkey | 7 | |
| Basic commands | 4 | |
| Build / train | 21 | |
| Enter build submenu | 4 | |
| Enter hero's abilities submenu | 1 | |
| Remove unit from queue | 2 | |
| Right click | 280 | |
| Select / deselect | 62 | |
| Select group hotkey | 197 | |
| Use ability | 12 | |
590 total
» units
» buildings
| Altar of Storms | 1 | |
| Orc Burrow | 2 | |
| Barracks | 1 | |
| Stronghold | 2 | |
6 total
» build order
00:03 Altar of Storms
00:05 Orc Burrow
00:34 Barracks
01:51 Orc Burrow
02:58 Stronghold
Chat log
(01:43 / All) dogsandhorse.ru: GL HF
(01:46 / All) LaptopRoadtrip: fuck u
(01:47 / All) dogsandhorse.ru: MANNER, PLANNER
(01:48 / All) LaptopRoadtrip: cyka
(01:53 / All) dogsandhorse.ru: kwlekaea
(01:59 / All) LaptopRoadtrip: kawaii
(02:04 / All) LaptopRoadtrip: .......... just like Miku
(05:00 / All) LaptopRoadtrip: gg